 Dungeon Crawl Stone Soup version 0.19-a0-1079-g88a7474 (webtiles) character file.

33365 Gorice the Basher (level 13, -5/118 HPs)
             Began as a Yellow Draconian Wanderer on Aug 6, 2016.
             Was a High Priest of Kikubaaqudgha.
             Slain by a seven-headed hydra (16 damage)
             ... on level 4 of the Lair of Beasts.
             The game lasted 01:52:48 (24851 turns).

Gorice the Basher (Yellow Draconian Wanderer)      Turns: 24851, Time: 01:52:49

Health: -5/118     AC: 15    Str: 12    XL:     13   Next: 36%
Magic:  13/13      EV: 21    Int: 15    God:    Kikubaaqudgha [*****.]
Gold:   850        SH:  0    Dex: 16    Spells: 2 memorised, 8 levels left

rFire  . . .     SeeInvis .     a - +3 flail (protect)
rCold  . . .     Gourm    .     (armour unavailable)
rNeg   + . .     Faith    .     (no shield)
rPois  .         Spirit   .     (helmet restricted)
rElec  .         Dismiss  .     (no cloak)
rCorr  +         Reflect  .     H - +1 pair of gloves
SustAt .         Harm     .     (no boots)
MR     .....                    (no amulet)
Stlth  +++.......               u - ring of stealth
                                h - ring of positive energy

@:
A: spit acid, acid resistance, unfitting armour, cold-blooded, AC +8
a: Spit Acid, Receive Corpses, Torment, Renounce Religion


You were on level 4 of the Lair of Beasts.
You worshipped Kikubaaqudgha.
Kikubaaqudgha was extremely pleased with you.
You were hungry.

You visited 3 branches of the dungeon, and saw 16 of its levels.
You also visited: Volcano.

You collected 880 gold pieces.
You spent 30 gold pieces at shops.

Inventory:

Hand Weapons
 a - a +3 flail of protection (weapon)
   (You took it off an orc on level 2 of the Dungeon)
 v - a +1 whip of venom
   (You took it off an orc on level 7 of the Dungeon)
 A - a +2 great mace of flaming
   (You took it off an orc knight in a volcano)
Missiles
 C - a javelin (quivered)
 Z - 334 stones
Armour
 d - a +2 shield
 H - a +1 pair of gloves (worn)
Jewellery
 b - an uncursed ring of ice
 h - a ring of positive energy (left hand)
 k - an uncursed ring of positive energy
 u - a ring of stealth (right hand)
 D - an uncursed ring of flight
Wands
 c - a wand of slowing (11/48)
 g - a wand of lightning (1/15)
 q - a wand of paralysis (15/24)
 t - a wand of digging (17/24)
 y - a wand of heal wounds (4/9) {!d}
 R - a wand of confusion (18/48)
Scrolls
 o - 4 scrolls of remove curse
 p - 3 scrolls of magic mapping {!r}
 r - a scroll of blinking
 E - a scroll of fear {!r}
 F - 2 scrolls of teleportation {!r}
 G - 4 scrolls of fog
 I - a scroll of amnesia
 Q - 5 scrolls of identify
Potions
 j - 5 potions of curing
 n - a potion of resistance {!q}
 s - 2 potions of cancellation {!q}
 x - 2 potions of flight
 z - 2 potions of might {!q}
 B - 5 potions of lignification {!q}
Books
 e - a book of Flames
 m - a book of Beasts
 J - a book of Conjurations
Miscellaneous
 i - a lamp of fire
Comestibles
 f - 3 bread rations {!e}
 O - 7 fruits


   Skills:
 + Level 12.3 Fighting
   Level 1.0 Long Blades
 + Level 14.8 Maces & Flails
 - Level 1.0 Throwing
 - Level 12.1 Dodging
 - Level 1.7 Stealth
 - Level 2.0 Unarmed Combat


You had 8 spell levels left.
You knew the following spells:

 Your Spells              Type           Power        Failure   Level  Hunger
B - Summon Butterflies    Summ           #.......     28%         1    ##.....
R - Regeneration          Chrm/Necr      #.........   80%         3    ####...


Dungeon Overview and Level Annotations

Branches:
Dungeon (10/15)            Temple (1/1) D:7            Lair (5/6) D:10
  Swamp (0/4) Lair:3       Spider (0/4) Lair:4
  Slime: Lair:5-6       Orc: D:9-12

Altars:
Ashenzari
Cheibriados
Dithmenos
Elyvilon
Fedhas
Gozag
Hepliaklqana
Kikubaaqudgha
Makhleb
Nemelex Xobeh
Okawaru
Pakellas
Qazlal
Ru
Sif Muna
Trog
Uskayaw
Vehumet
Xom
Yredelemnul
Zin
The Shining One

Shops:
D:5 *   D:8 [   D:9 ?

Annotations:
D:2 vvpUX: loot behind glass
D:7 poirepourri's ghost, novice DDFi
Lair:1 Grum
Lair:2 Nergalle
Lair:4 exclusion: oklob plant, Harold


Innate Abilities, Weirdness & Mutations

You can spit globs of acid.
You are resistant to acid.
Your golden yellow scales are hard. (AC +8)
Your body does not fit into most forms of armour.
You are cold-blooded and may be slowed by cold attacks.


Message History

* * * LOW HITPOINT WARNING * * *
The seven-headed hydra misses you.
You barely miss the seven-headed hydra.
The seven-headed hydra is severely wounded.
The seven-headed hydra barely misses you.
The seven-headed hydra closely misses you. x4
The seven-headed hydra completely misses you. x2
Damage: 11 (max 30)
You hit the seven-headed hydra.
The seven-headed hydra is severely wounded.
Unknown command.
Unknown command.
You hit the seven-headed hydra.
The seven-headed hydra is severely wounded.
The seven-headed hydra bites you but does no damage.
The seven-headed hydra bites you!
* * * LOW HITPOINT WARNING * * *
The seven-headed hydra misses you.
The seven-headed hydra bites you but does no damage.
The seven-headed hydra bites you!
* * * LOW HITPOINT WARNING * * *
The seven-headed hydra barely misses you.
The seven-headed hydra bites you but does no damage.
You sock the seven-headed hydra!
You tail-slap the seven-headed hydra, but do no damage.
The seven-headed hydra is almost dead.
The seven-headed hydra completely misses you.
The seven-headed hydra closely misses you.
The seven-headed hydra completely misses you.
The seven-headed hydra bites you.
* * * LOW HITPOINT WARNING * * *
The seven-headed hydra completely misses you.
The seven-headed hydra bites you.
* * * LOW HITPOINT WARNING * * *
The seven-headed hydra closely misses you.
Damage: 39 (max 39) Unknown command.
Unknown command.
Unknown command.
Unknown command.
Unknown command.
Really quaff
w - a potion of heal wounds {!q}?
You feel much better.
You have got your breath back.
The seven-headed hydra barely misses you.
The seven-headed hydra misses you. The seven-headed hydra bites you!
* * * LOW HITPOINT WARNING * * *
The seven-headed hydra bites you!
You die...
Kikubaaqudgha rasps: "You have failed me!
Welcome... death!"

#.............#.###P.....##.....#
##.#......##...##..............P#
###.....####.(..#..#......#....##
#.+.⌠..## ##...#####....#......#
#.#..### ##.#(..# #....#.....##
#.#.+#### #P.#(..####..........#
........# ##..#(..##.....P#....##
.#....### #...#.D.###.....P.....#
.......# ##..#.@.#.#...........P
.......# #...#....##..........##
.#....## #...#####.#...........#
......## ##....####...........##
.......# ##.....# ##....#.....#
##....## #......#*#...........#*
##....## #.....###.#....#......*
#......####......####.(.....P..#*
#........##.......###....P#P_P.#


You could see a seven-headed hydra.

Vanquished Creatures
  4 hydras
  Urug (Lair:4)
  A hill giant (D:8)
  An orc knight (Volcano)
  A wolf spider (Lair:4)
  2 centaur zombies
  6 black mambas
  5 elephants (Lair:4)
  2 molten gargoyles (Volcano)
  A rime drake (Lair:5)
  11 komodo dragons
  4 spiny frogs
  A two-headed ogre (D:6)
  4 blink frogs
  2 wyverns
  5 spriggans (D:7)
  38 yaks
  A fire bat (Volcano)
  A hungry ghost (D:9)
  A steam dragon (Lair:5)
  9 hippogriffs
  A basilisk (Lair:3)
  A mottled dragon (Lair:4)
  10 water moccasins
  6 porcupines
  6 orc warriors
  3 black bears
  2 sky beasts
  10 ogres
  12 wolves
  7 centaurs
  13 crocodiles
  15 giant frogs
  6 scorpions
  A wyvern skeleton (D:9)
  16 killer bees
  6 howler monkeys
  4 crimson imps
  A lava snake (Volcano)
  A giant frog skeleton (D:5)
  4 hounds
  3 orc priests
  8 jellies
  6 orc wizards
  16 iguanas
  Natasha (thrice) (D:4)
  2 hell rats (Lair:1)
  13 worker ants
  4 sheep (Lair:3)
  2 worker ant zombies
  16 adders
  3 gnolls
  30 river rats
  3 shadow imps
  7 oozes
  An adder zombie (D:6)
  3 adder skeletons
  4 worms
  A dart slug (D:3)
  9 giant geckos
  38 orcs
  7 giant cockroaches
  8 goblins
  6 hobgoblins
  11 jackals
  5 kobolds
  5 quokkas
  8 bats
  4 giant newts
  3 jackal skeletons (D:4)
  A jackal zombie (D:7)
  9 rats
465 creatures vanquished.

Vanquished Creatures (others)
  6 fungi
  9 plants
15 creatures vanquished.

Grand Total: 480 creatures vanquished

Notes
Turn   | Place    | Note
-------+----------+-------------------------------------------
     0 | D:1      | Gorice the Draconian Wanderer began the quest for the Orb.
     0 | D:1      | Gorice set off with: a potion of lignification {!q}, a potion of curing, a +0 club, a +0 dagger, a bread ration {!e}
     0 | D:1      | Reached XP level 1. HP: 19/19 MP: 1/1
   251 | D:1      | Reached skill level 4 in Fighting
   251 | D:1      | Reached XP level 2. HP: 15/27 MP: 2/2
  1080 | D:2      | Found a shattered altar of Ashenzari.
  1446 | D:2      | Reached XP level 3. HP: 30/35 MP: 3/3
  1462 | D:2      | HP: 7/35 [gnoll/whip (7)]
  1574 | D:1      | HP: 6/35 [gnoll/whip (9)]
  1581 | D:1      | Reached skill level 5 in Fighting
  2034 | D:2      | Reached XP level 4. HP: 16/42 MP: 4/4
  2897 | D:3      | Reached skill level 6 in Fighting
  3026 | D:3      | Reached XP level 5. HP: 44/50 MP: 5/5
  3255 | D:3      | HP: 7/50 [orc/flail of protection (12)]
  3273 | D:3      | HP: 2/50 [orc/flail of protection (8)]
  3280 | D:2      | HP: 3/50 [orc/flail of protection (5)]
  3718 | D:3      | Reached skill level 2 in Dodging
  3909 | D:3      | Reached skill level 1 in Maces & Flails
  4507 | D:4      | Reached skill level 2 in Maces & Flails
  4591 | D:4      | Reached XP level 6. HP: 52/57 MP: 6/6
  4672 | D:4      | Reached skill level 3 in Maces & Flails
  4707 | D:4      | Noticed Natasha
  4714 | D:4      | Killed Natasha
  4727 | D:4      | HP: 17/57 [poisoned by a scorpion]
  4733 | D:4      | Noticed Natasha
  4733 | D:4      | HP: 10/57 [poisoned by a scorpion]
  4738 | D:4      | HP: 9/57 [poisoned by a scorpion]
  4745 | D:4      | HP: 8/57 [poisoned by a scorpion]
  4753 | D:4      | HP: 8/57 [poisoned by a scorpion]
  4909 | D:4      | Killed Natasha
  5008 | D:4      | HP: 11/57 [iguana (14)]
  5046 | D:4      | HP: 15/57 [iguana (4)]
  5426 | D:4      | Noticed Natasha
  5433 | D:4      | Killed Natasha
  5433 | D:4      | Reached skill level 3 in Dodging
  5811 | D:4      | Reached skill level 4 in Maces & Flails
  5811 | D:4      | Your scales start taking on a golden yellow colour.
  5811 | D:4      | Reached XP level 7. HP: 63/63 MP: 7/7
  5839 | D:4      | Found a basalt altar of Yredelemnul.
  6230 | D:5      | Entered Level 5 of the Dungeon
  6306 | D:5      | Found Bett's Serpentskin Sales.
  6536 | D:5      | Reached skill level 5 in Maces & Flails
  6688 | D:5      | Reached skill level 4 in Dodging
  6837 | D:5      | Reached skill level 6 in Maces & Flails
  6839 | D:5      | Noticed a hippogriff
  6879 | D:4      | Reached XP level 8. HP: 70/70 MP: 8/8
  6980 | D:5      | Found a radiant altar of Vehumet.
  6985 | D:5      | Found an oddly glowing altar of Pakellas.
  7341 | D:5      | Reached skill level 7 in Maces & Flails
  7433 | D:6      | Reached skill level 5 in Dodging
  7590 | D:6      | Noticed a two-headed ogre
  7789 | D:6      | Killed a two-headed ogre
  7789 | D:6      | Reached skill level 8 in Maces & Flails
  8304 | D:6      | Reached XP level 9. HP: 62/75 MP: 9/9
  8627 | D:7      | Reached skill level 9 in Maces & Flails
  8627 | D:7      | Reached skill level 6 in Dodging
  8984 | D:7      | Reached skill level 10 in Maces & Flails
  9135 | D:7      | Reached skill level 7 in Dodging
  9692 | D:7      | Found a staircase to the Ecumenical Temple.
  9709 | Temple   | Entered the Ecumenical Temple
  9812 | Temple   | Became a worshipper of Kikubaaqudgha
  9918 | D:7      | Noticed poirepourri's ghost (novice DDFi)
 10026 | D:7      | Reached XP level 10. HP: 61/83 MP: 10/10
 10567 | D:8      | Reached skill level 11 in Maces & Flails
 10840 | D:8      | Reached * piety under Kikubaaqudgha
 10840 | D:8      | Received a gift from Kikubaaqudgha
 10849 | D:8      | Identified Kikubaaqudgha's Catalogue of Black Rituals (Kikubaaqudgha gifted it to you on level 8 of the Dungeon)
 11193 | D:8      | Found Lewoj's Armour Shoppe.
 11305 | D:8      | Noticed a hill giant
 11316 | D:8      | Killed a hill giant
 11316 | D:8      | Reached skill level 12 in Maces & Flails
 11316 | D:8      | Reached skill level 8 in Dodging
 11660 | D:9      | Found Xale's Magic Scroll Emporium.
 11667 | D:9      | Bought a scroll of identify for 30 gold pieces
 11986 | D:8      | Reached ** piety under Kikubaaqudgha
 12144 | D:10     | Entered Level 10 of the Dungeon
 12289 | D:10     | Identified the Papyrus of Poison and Clay (You found it on level 10 of the Dungeon)
 12291 | D:10     | Found a staircase to the Lair.
 12408 | D:10     | Reached XP level 11. HP: 70/89 MP: 11/11
 12769 | D:10     | Reached skill level 13 in Maces & Flails
 13273 | Lair:1   | Entered Level 1 of the Lair of Beasts
 13302 | D:10     | Reached skill level 9 in Dodging
 14010 | Lair:1   | Reached *** piety under Kikubaaqudgha
 14010 | Lair:1   | Received a gift from Kikubaaqudgha
 14011 | Lair:1   | Identified Kikubaaqudgha's Collected Works on Black Secrets (Kikubaaqudgha gifted it to you on level 1 of the Lair of Beasts)
 14033 | Lair:1   | Noticed Grum
 14573 | Lair:1   | Reached skill level 14 in Maces & Flails
 15148 | Lair:1   | Learned a level 3 spell: Regeneration
 15523 | Lair:2   | Reached skill level 10 in Dodging
 15542 | Lair:2   | Reached skill level 7 in Fighting
 15656 | Lair:2   | Found a shimmering altar of Xom.
 15842 | Lair:2   | Reached **** piety under Kikubaaqudgha
 15845 | Lair:2   | HP: 26/94 [centaur/arrow (6)]
 15922 | Lair:2   | Reached skill level 8 in Fighting
 16311 | Lair:2   | Reached XP level 12. HP: 84/101 MP: 12/12
 17061 | Lair:2   | Noticed Nergalle
 17190 | Lair:2   | Reached skill level 9 in Fighting
 17222 | Lair:2   | Noticed a four-headed hydra
 17503 | Lair:1   | Reached skill level 11 in Dodging
 17891 | Lair:2   | Killed a four-headed hydra
 18675 | Lair:3   | Noticed a five-headed hydra
 18685 | Lair:3   | Killed a five-headed hydra
 18685 | Lair:3   | Reached skill level 10 in Fighting
 18864 | Lair:3   | Found a staircase to the Swamp.
 18931 | Lair:3   | Noticed a six-headed hydra
 19519 | Lair:3   | HP: 30/107 [six-headed hydra (3)]
 19521 | Lair:3   | Killed a six-headed hydra
 20322 | Lair:3   | Learned a level 1 spell: Summon Butterflies
 20542 | Lair:3   | Reached skill level 12 in Dodging
 20599 | Lair:4   | Found a dark tunnel.
 20602 | Volcano  | Entered a volcano
 20881 | Volcano  | Reached skill level 11 in Fighting
 20935 | Volcano  | Found a burning altar of Makhleb.
 20948 | Volcano  | HP: 29/110 [orc knight/great mace of flaming (26)]
 21593 | Volcano  | HP: 24/110 [molten gargoyle/mace (10)]
 22020 | Lair:4   | Noticed Urug
 22061 | Lair:4   | Noticed a seven-headed hydra
 22145 | Lair:4   | Found a hole to the Spider Nest.
 22147 | Lair:4   | Noticed a five-headed hydra
 22180 | Lair:4   | Killed a five-headed hydra
 22180 | Lair:4   | Reached ***** piety under Kikubaaqudgha
 22180 | Lair:4   | Reached XP level 13. HP: 74/116 MP: 13/13
 22824 | Lair:4   | Noticed Harold
 23949 | Lair:4   | Found a sparkling altar of Nemelex Xobeh.
 24009 | Lair:4   | Reached skill level 12 in Fighting
 24407 | Lair:4   | Killed Urug
 24849 | Lair:4   | HP: 32/118 [seven-headed hydra (14)]
 24850 | Lair:4   | HP: 13/118 [seven-headed hydra (6)]
 24851 | Lair:4   | Slain by a seven-headed hydra

Vault maps used:
D:1:      tarquinn_simple_flora_water_b, minmay_crystal_room
D:2:      evilmike_ruin_ashenzari, serial_glass, glass_columns_c,
          glass_columns_a, due_unseen_surprise, feat_on_display, feat_on_display
D:3:      serial_undead, serial_undead_c, serial_undead_b, serial_undead_f,
          serial_undead_a
D:4:      lemuel_doored_altar, first_bread, uniq_natasha
D:5:      nicolae_overflow_hidden_temple, guppyfry_shop_venom
D:7:      kb_forest_paths
D:8:      serial_shops, kennysheep_mini_moat, minmay_misc_feat_tiny,
          hangedman_little_slice_of_home
D:9:      serial_shops, nicolae_shop_temple_entry_statues_fountains
D:10:     dpeg_lair_monsters
Temple:   compressed_dpeg_circular_temple
Lair:1:   kennysheep_rathole, st_stairs_6, uniq_grum
Lair:2:   beast_lair_carwin_large_4, lemuel_centaur_altar, grunt_megastairs_3,
          uniq_nergalle
Lair:3:   swamp_mist
Lair:4:   minmay_lair_venomous_thicket, nicolae_spider_entry_non_spiders,
          nicolae_volcano_entry_lava_flow, lemuel_oklob_altar,
          grunt_megastairs_4, uniq_harold, uniq_urug
Lair:5:   dpeg_slime_entry_enclosed_altar, basic_altar, st_stairs_5,
          guppyfry_lair_drakes, grunt_megastairs_1, serial_bayou_shore_a
Volcano:  volcano_lake

Skill      XL: |  1  2  3  4  5  6  7  8  9 10 11 12 13 |
---------------+----------------------------------------+-----
Fighting       | 4 5 6 8 11 12 | 12.3
Dodging        | 2 3 4 5 7 8 10 12 | 12.1
Maces & Flails | 2 4 6 8 10 12 14 | 14.8
Long Blades    | |  1.0
Throwing       | |  1.0
Stealth        | |  1.7
Unarmed Combat | |  2.0

Action                   |  1- 3 |  4- 6 |  7- 9 | 10-12 | 13-15 || total
-------------------------+-------+-------+-------+-------+-------++-------
Melee: Club              |    40 |       |       |       |       ||    40
       Tailslap          |    12 |    31 |    29 |   185 |    54 ||   311
       Short sword       |    91 |   148 |       |       |       ||   239
       Punch             |       |     6 |     2 |     8 |     5 ||    21
       Flail             |       |   114 |   279 |  1329 |   312 ||  2034
Throw: Tomahawk          |     5 |    63 |    66 |    22 |       ||   156
       Stone             |       |     1 |     2 |    62 |     7 ||    72
       Javelin           |       |       |       |       |     4 ||     4
 Abil: Spit Acid         |       |       |    33 |   103 |    12 ||   148
Evoke: Wand              |       |       |       |     9 |       ||     9
  Use: Scroll            |     8 |     4 |    12 |     7 |       ||    31
       Potion            |     1 |     2 |       |     5 |     3 ||    11
 Stab: Sleeping          |     7 |     1 |     6 |     6 |     3 ||    23
       Distracted        |       |       |       |     1 |       ||     1
       Invisible         |       |       |       |     2 |     2 ||     4
  Eat: Chunk             |     4 |    11 |    19 |    50 |     8 ||    92
       Beef jerky        |       |     1 |       |       |       ||     1
       Bread ration      |       |       |       |     2 |       ||     2
       Royal jelly       |       |       |       |     1 |       ||     1
       Pizza             |       |       |       |     1 |       ||     1
Armor: Skin              |    34 |    75 |    72 |   289 |   110 ||   580
Dodge: Dodged            |    90 |   158 |   212 |  1003 |   322 ||  1785
Block: Shield            |       |       |       |    11 |       ||    11

Table legend:
 A = Turns spent in this place as a percentage of turns spent in the entire game.
 B = Non-inter-level travel turns spent in this place as a percentage of non-inter-level travel turns spent in the entire game.
 C = Inter-level travel turns spent in this place as a percentage of turns spent in this place.
 D = Turns resting spent in this place as a percentage of non-inter-level travel turns spent in this place.
 E = Turns spent auto-exploring this place as a percentage of non-inter-level travel turns spent in this place.
 F = Non-inter-level travel turns spent in this place divided by the number of levels of this place that you've seen.
                   A       B       C       D       E      F
               +-------+-------+-------+-------+-------+----------------------
         Total | 100.0 | 100.0 |   0.4 |   3.8 |   3.3 | 542.7
       Dungeon |  52.8 |  52.8 |   0.4 |   3.5 |   4.0 | 487.1
        Temple |   0.7 |   0.7 |   0.0 |   0.0 |  24.6 |  69.0
          Lair |  41.7 |  41.7 |   0.5 |   3.5 |   2.4 | 768.8
       Volcano |   4.8 |   4.8 |   0.0 |  10.0 |   0.0 | 442.0
               +-------+-------+-------+-------+-------+----------------------

Vault maps used:
D:1:      tarquinn_simple_flora_water_b, minmay_crystal_room
D:2:      evilmike_ruin_ashenzari, serial_glass, glass_columns_c,
          glass_columns_a, due_unseen_surprise, feat_on_display, feat_on_display
D:3:      serial_undead, serial_undead_c, serial_undead_b, serial_undead_f,
          serial_undead_a
D:4:      lemuel_doored_altar, first_bread, uniq_natasha
D:5:      nicolae_overflow_hidden_temple, guppyfry_shop_venom
D:7:      kb_forest_paths
D:8:      serial_shops, kennysheep_mini_moat, minmay_misc_feat_tiny,
          hangedman_little_slice_of_home
D:9:      serial_shops, nicolae_shop_temple_entry_statues_fountains
D:10:     dpeg_lair_monsters
Temple:   compressed_dpeg_circular_temple
Lair:1:   kennysheep_rathole, st_stairs_6, uniq_grum
Lair:2:   beast_lair_carwin_large_4, lemuel_centaur_altar, grunt_megastairs_3,
          uniq_nergalle
Lair:3:   swamp_mist
Lair:4:   minmay_lair_venomous_thicket, nicolae_spider_entry_non_spiders,
          nicolae_volcano_entry_lava_flow, lemuel_oklob_altar,
          grunt_megastairs_4, uniq_harold, uniq_urug
Lair:5:   dpeg_slime_entry_enclosed_altar, basic_altar, st_stairs_5,
          guppyfry_lair_drakes, grunt_megastairs_1, serial_bayou_shore_a
Volcano:  volcano_lake
